 Dungeon Crawl Stone Soup version 0.22-a0-422-g9628fc8 (webtiles) character file.

239382 Borgoz the Spry (level 19, -4/124 HPs)
             Began as a Gargoyle Fighter on May 21, 2018.
             Was the Champion of the Shining One.
             Killed from afar by a deep elf annihilator (23 damage)
             ... with an iron shot
             ... on level 3 of the Elven Halls on May 22, 2018.
             The game lasted 01:56:53 (42010 turns).

Borgoz the Spry (Gargoyle Fighter)                 Turns: 42010, Time: 01:56:56

Health: -4/124     AC: 36    Str: 20    XL:     19   Next: 75%
Magic:  0/24       EV: 24    Int: 11    God:    the Shining One [******]
Gold:   2604       SH:  0    Dex: 25    Spells: 25/27 levels left

rFire    + + .     SeeInvis +   O - +2 flail (crush)
rCold    + + .     Gourm    .   (no shield)
rNeg     + + +     Faith    .   d - +0 plate armour {rF+}
rPois    ∞         Spirit   +   A - +0 mask of the Dragon {MR+ Slay+3 SInv}
rElec    +         Reflect  .   U - scarf {rC+ rF+}
rCorr    .         Harm     .   P - +0 pair of gloves (curse)
MR       ++...                  V - +2 pair of boots
Stlth    ..........             v - amulet of guardian spirit
HPRegen  0.30/turn              D - ring of protection from cold
MPRegen  0.19/turn              o - +5 ring of dexterity

@: agile, flying, glowing
A: big wings, low mp 1, negative energy resistance 1, electricity resistance,
unbreathing, petrification resistance, rot immunity, AC +14
}: 1/15 runes: gossamer
a: Stop Flying, Divine Shield, Cleansing Flame, Summon Divine Warrior, Brand
Weapon With Holy Wrath, Renounce Religion


You were on level 3 of the Elven Halls.
You worshipped the Shining One.
The Shining One was exalted by your worship.
You were not hungry.

You visited 7 branches of the dungeon, and saw 32 of its levels.
You visited the Abyss 3 times.
You also visited: Labyrinth, Sewer, Ossuary and Ice Cave.

You collected 4205 gold pieces.
You spent 1601 gold pieces at shops.

Inventory:

Hand Weapons
 O - a +2 flail of crushing (weapon)
Missiles
 z - 3 throwing nets (quivered)
Armour
 d - a +0 plate armour of fire resistance (worn)
 n - a +2 shield
 t - a +2 cloak of magic resistance
 A - the +0 mask of the Dragon (worn) {MR+ Slay+3 SInv}
   (You bought it in a shop on level 2 of the Orcish Mines)

   It affects your accuracy and damage with ranged weapons and melee attacks
   (+3).
   It affects your resistance to hostile enchantments.
   It lets you see invisible.
 N - a +3 scale mail of cold resistance
 P - a cursed +0 pair of gloves (worn)
 U - a scarf of resistance (worn)
 V - a +2 pair of boots (worn)
Jewellery
 o - a +5 ring of dexterity (right hand)
 u - an uncursed amulet of rage
 v - an amulet of guardian spirit (around neck)
 C - an uncursed amulet of the acrobat
 D - a ring of protection from cold (left hand)
 F - a +5 ring of protection
 J - a +5 ring of strength
 S - a +2 ring of intelligence
 W - a +5 amulet of reflection {unknown}
Wands
 c - a wand of paralysis (29)
 l - a wand of acid (17)
 w - a wand of flame (40)
 B - a wand of scattershot (13)
 I - a wand of digging (14)
 L - a wand of iceblast (27)
 M - a wand of polymorph (41)
 Q - a wand of clouds (4)
Scrolls
 b - a scroll of blinking
 i - 12 scrolls of remove curse
 k - 7 scrolls of enchant weapon
 p - 4 scrolls of amnesia
 q - 3 scrolls of teleportation
 r - 5 scrolls of magic mapping
 y - 3 scrolls of enchant armour
 E - 4 scrolls of fog
 G - 15 scrolls of identify
 H - 3 scrolls of fear
 R - a scroll of summoning
 X - a scroll of holy word {unknown}
Potions
 e - 16 potions of curing
 g - 5 potions of haste
 h - 3 potions of agility
 m - 4 potions of magic
 s - 3 potions of cancellation
 x - 4 potions of resistance
 K - a potion of brilliance
 T - 3 potions of might
Comestibles
 f - 54 rations


   Skills:
 + Level 15.3 Fighting
 + Level 14.2 Maces & Flails
 + Level 15.5 Armour
 * Level 16.4 Dodging
 - Level 11.6 Shields
 + Level 4.8 Spellcasting
 + Level 4.8 Translocations
 + Level 10.6 Invocations


You had 25 spell levels left.
You knew the following spells:

 Your Spells              Type           Power        Failure   Level  Hunger
a - Blink                 Tloc           N/A          45%         2    ##.....

Your spell library contained the following spells:

 Spells                   Type           Power        Failure   Level  Hunger
 Cause Fear               Hex            #.........   100%        4    ####...
 Magic Dart               Conj           #...         94%         1    None
 Fireball                 Conj/Fire      #.........   100%        5    ######.
 Conjure Flame            Conj/Fire      #.......     100%        3    ###....
 Bolt of Fire             Conj/Fire      #.........   100%        6    #######
 Lightning Bolt           Conj/Air       #.........   100%        5    ######.
 Bolt of Magma            Conj/Fire/Erth #.........   100%        5    ######.
 Slow                     Hex            #.......     98%         2    ##.....
 Confuse                  Hex            #.......     100%        3    ###....
 Throw Flame              Conj/Fire      #.....       98%         2    ##.....
 Mephitic Cloud           Conj/Pois/Air  #.......     100%        3    ###....
 Ring of Flames           Chrm/Fire      #.........   100%        7    #######
 Venom Bolt               Conj/Pois      #.........   100%        5    ######.
 Death's Door             Chrm/Necr      #.........   100%        8    #######
 Summon Small Mammal      Summ           #...         94%         1    None
 Haunt                    Necr/Summ      #.........   100%        7    #######
 Borgnjor's Revivificati  Necr           #.........   100%        8    #######
 Sticky Flame             Conj/Fire      #.......     100%        4    ####...
 Summon Ice Beast         Ice/Summ       #.......     100%        4    ####...
 Call Imp                 Summ           #.......     98%         2    ##.....
 Tukima's Dance           Hex            #.......     100%        3    ###....
 Iron Shot                Conj/Erth      #.........   100%        6    #######
 Shock                    Conj/Air       #...         94%         1    None
 Swiftness                Chrm/Air       #.......     98%         2    ##.....
 Spider Form              Tmut/Pois      #.........   100%        3    ###....
 Blade Hands              Tmut           #.........   100%        5    ######.
 Ice Form                 Ice/Tmut       #.......     100%        4    ####...
 Dragon Form              Tmut           #.........   100%        7    #######
 Necromutation            Tmut/Necr      #.........   100%        8    #######
 Airstrike                Air            #.........   100%        4    ####...
 Flame Tongue             Conj/Fire      #....        94%         1    None
 Sticks to Snakes         Tmut           #.......     98%         2    ##.....
 Call Canine Familiar     Summ           #.......     100%        3    ###....
 Ensorcelled Hibernation  Hex/Ice        #.....       98%         2    ##.....
 Summon Butterflies       Summ           #.......     94%         1    None
 Static Discharge         Conj/Air       #.......     100%        3    ###....
 Corona                   Hex            #......      94%         1    None
 Portal Projectile        Hex/Tloc       #.....       95%         3    ###....
 Passage of Golubria      Tloc           N/A          97%         4    ####...
 Orb of Destruction       Conj           #.........   100%        7    #######
 Summon Hydra             Summ           #.........   100%        7    #######
 Inner Flame              Hex/Fire       #.......     100%        3    ###....
 Beastly Appendage        Tmut           #.....       94%         1    None
 Iskenderun's Battlesphe  Conj/Chrm      #.......     100%        5    ######.
 Dazzling Spray           Conj/Hex       #.....       100%        3    ###....
 Summon Lightning Spire   Summ/Air       #.......     100%        4    ####...
 Summon Guardian Golem    Hex/Summ       #.......     100%        3    ###....
 Dragon's Call            Summ           #.........   100%        9    #######
 Spellforged Servitor     Conj/Summ      #.........   100%        7    #######
 Summon Mana Viper        Hex/Summ       #.......     100%        5    ######.
 Infestation              Necr           #.........   100%        8    #######


Dungeon Overview and Level Annotations

Branches:
Dungeon (15/15)            Temple (1/1) D:4            Lair (6/6) D:8
 Shoals (1/4) Lair:2       Spider (4/4) Lair:3        Slime (0/5) Lair:6
    Orc (2/2) D:10            Elf (3/3) Orc:2        Vaults (0/5) D:14
 Depths (0/5) D:15

Altars:
Ashenzari
Cheibriados
Dithmenos
Elyvilon
Fedhas
Gozag
Hepliaklqana
Kikubaaqudgha
Makhleb
Nemelex Xobeh
Okawaru
Qazlal
Ru
Sif Muna
Trog
Uskayaw
Vehumet
Wu Jian
Xom
Yredelemnul
Zin
The Shining One
Jiyva

Shops:
D:2 *   D:11 [=**(:   D:12 [   Orc:1 %   Orc:2 (*}[   Elf:3 :

Portals:
Trove: D:15 (give ring of Vazxyu)

Annotations:
D:14 Nessos


Innate Abilities, Weirdness & Mutations

You are resistant to torment.
Your stone body is resilient. (AC +14)
You are immune to poison.
Your large and strong wings let you fly indefinitely.
You resist negative energy. (rN+)
You are resistant to electric shocks. (rElec)
You can survive without breathing.
You are immune to petrification.
You are immune to rotting.
Your magical capacity is low. (-10% MP)


Message History

The crystal spear misses you.
The deep elf master archer shoots an arrow.
The arrow completely misses you.
A deep elf demonologist comes into view.
It is wielding an enchanted long sword.
The deep elf annihilator gestures at you while chanting.
The poison arrow hits you! You partially resist.
* * * LOW HITPOINT WARNING * * *
The deep elf master archer shoots an arrow.
The arrow hits you!
* * * LOW HITPOINT WARNING * * *
The arrow burns you.
* * * LOW HITPOINT WARNING * * *
You're too confused!
You feel less invigorated.
You feel less confused.
The deep elf master archer shoots an arrow.
The arrow misses you.
The deep elf annihilator casts a spell at you.
The iron shot hits you!
You die...

#### #..### #....###
##. ##((((.##.....
#..(.e.......
##............
#......e.....
##@....e....#.
##..........e.##.
#...........e.E...#
#............eE....
#..................[
#.....##.......*....
....### ##.......#..
#..### ###....##..
#'# ##### #..


You could see a deep elf master archer, a deep elf annihilator and a deep elf
demonologist.

Vanquished Creatures
  A caustic shrike (shapeshifter) (D:15)
  Rupert (Lair:5)
  2 deep elf blademasters (Elf:2)
  A deep elf master archer (Elf:3)
  6 deep elf sorcerers
  3 ghost moths
  Louise (D:14)
  Aizul (Spider:2)
  6 deep elf elementalists
  5 emperor scorpions
  5 deep elf demonologists
  3 entropy weavers
  6 deep elf annihilators
  4 dire elephants (Lair:6)
  A minotaur (Lab)
  3 spark wasps
  Snorg (D:12)
  A merfolk impaler (Shoals:1)
  4 deep elf death magi
  Josephine (Lair:5)
  Fannar (Lair:2)
  3 deep elf high priests
  Harold (D:10)
  A fire dragon (D:14)
  5 hydras
  2 ogre magi
  An anaconda (Lair:6)
  22 dancing weapons
  4 death yaks (Lair:3)
  10 two-headed ogres
  2 hell hogs (Abyss:3)
  The ghost of Karim the Destroyer, a novice GnCj of Gozag (D:10)
  13 deep elf knights
  Sonja (D:14)
  Nergalle (D:11)
  A shadow wraith (Abyss:3)
  7 skeletal warriors
  3 unseen horrors
  5 large abominations
  An unseen horror (shapeshifter) (Elf:1)
  2 deep trolls
  A spatial maelstrom (Abyss:3)
  3 sea snakes (Shoals:1)
  A wizard (D:14)
  5 deep elf archers
  2 lindwurms (Lair:6)
  2 orc knights
  3 harpies (Shoals:1)
  A necromancer (D:14)
  7 ugly things
  An orb spider (shapeshifter) (D:15)
  14 orb spiders
  3 cyclopes
  5 oklob plants
  2 manticores
  48 deep elf magi
  3 orc sorcerers
  31 wolf spiders
  3 fauns (Shoals:1)
  2 moths of wrath
  An apocalypse crab (Abyss:3)
  Maurice (Orc:1)
  A merfolk siren (Shoals:1)
  A smoke demon (Abyss:2)
  2 water nymphs (Shoals:1)
  3 ice statues (IceCv)
  23 elephants
  8 spiny frogs
  5 black mambas
  A gargoyle (D:12)
  2 torpor snails (Spider:1)
  8 demonic crawlers
  4 komodo dragons
  5 rime drakes
  A yaktaur (shapeshifter) (D:15)
  2 tengu conjurers (D:13)
  2 ancient zymes
  3 polar bears
  27 jumping spiders
  6 merfolk (Shoals:1)
  6 meliai
  10 hornets
  A queen bee (D:14)
  2 wind drakes (Shoals:1)
  18 trolls
  5 slime creatures (D:15)
  13 blink frogs
  10 dream sheep
  6 raiju
  15 hippogriffs
  3 snapping turtles (Shoals:1)
  3 air elementals
  43 redbacks
  5 flying skulls (Abyss:3)
  A shadow (D:11)
  4 centaur simulacra (D:13)
  A spriggan (shapeshifter) (Elf:2)
  A vampire (D:10)
  An ice dragon skeleton (Abyss:2)
  16 starcursed masses (Abyss:2)
  4 water elementals
  28 tarantellas
  2 wyverns
  6 wraiths
  55 yaks
  A tarantella (shapeshifter) (D:15)
  A fire elemental (Elf:2)
  2 vampire mosquitoes (D:12)
  2 chaos spawn (Abyss:2)
  A basilisk (Lair:6)
  2 neqoxecs (Abyss:3)
  2 hungry ghosts
  6 wargs
  9 water moccasins
  3 acid dragons
  7 porcupines
  12 orc warriors
  5 small abominations
  A hornet zombie (D:15)
  4 sky beasts
  An eye of draining (shapeshifter) (D:15)
  A phantom (D:13)
  10 ice beasts
  8 wolves
  A black bear (shapeshifter) (D:15)
  24 ogres
  5 boggarts (D:15)
  5 centaurs
  A crocodile (shapeshifter) (Abyss:2)
  19 crocodiles
  3 big kobolds (Sewer)
  14 bullfrogs
  3 earth elementals
  A wyvern zombie (D:8)
  2 wyvern skeletons
  6 scorpions
  24 killer bees
  4 howler monkeys
  18 wights
  3 electric eels
  5 crimson imps
  2 quasits
  7 jellies
  5 centaur zombies
  10 hounds
  21 orc priests
  20 orc wizards
  4 bullfrog skeletons
  3 centaur skeletons
  5 iguanas
  Jessica (D:2)
  10 worker ants
  Terence (D:2)
  2 hound zombies
  2 human simulacra (D:13)
  A hound skeleton (D:9)
  8 mummies (Ossuary)
  A howler monkey skeleton (D:7)
  7 gnolls
  3 river rats
  17 adders
  2 shadow imps
  4 white imps (D:13)
  5 ufetubi
  7 oozes
  2 adder skeletons
  7 worms
  2 dart slugs (D:1)
  6 leopard geckos
  98 orcs
  5 ball pythons
  3 bats (D:1)
  10 giant cockroaches
  A gnoll zombie (Ossuary)
  8 goblins
  9 hobgoblins
  8 jackals
  5 quokkas
  9 frilled lizards
  3 hobgoblin zombies (Ossuary)
  A jackal zombie (D:6)
  20 kobolds
  A leopard gecko zombie (D:6)
  4 orc zombies (Ossuary)
  3 quokka skeletons
  32 rats
  A fungus (Lair:1)
  4 plants
1251 creatures vanquished.

Vanquished Creatures (collateral kills)
  3 deep elf sorcerers (Elf:3)
  2 deep elf annihilators (Elf:3)
  3 dancing weapons (Elf:2)
  2 deep elf knights (Elf:2)
  A deep elf archer (Elf:1)
  5 deep elf magi
16 creatures vanquished.

Vanquished Creatures (others)
  A hell hog (Abyss:3)
  A deep elf mage (Elf:1)
  2 orb spiders (Spider:4)
  A jumping spider (Spider:1)
  A white imp (D:13)
  4 fungi
  14 plants
  13 tentacles (Shoals:1)
37 creatures vanquished.

Grand Total: 1304 creatures vanquished

Notes
Turn   | Place    | Note
-------+----------+-------------------------------------------
     0 | D:1      | Borgoz the Gargoyle Fighter began the quest for the Orb.
     0 | D:1      | Reached XP level 1. HP: 14/14 MP: 1/1
   113 | D:1      | Reached XP level 2. HP: 14/19 MP: 2/2
   423 | D:1      | Reached skill level 1 in Dodging
   428 | D:1      | Reached XP level 3. HP: 21/23 MP: 3/3
   641 | D:2      | Noticed Terence
   651 | D:2      | Killed Terence
   651 | D:2      | Reached XP level 4. HP: 28/29 MP: 4/4
   978 | D:2      | Found an opulent altar of Gozag.
   980 | D:2      | Noticed Jessica
   994 | D:2      | Killed Jessica
   994 | D:2      | Reached skill level 2 in Dodging
   994 | D:2      | Reached XP level 5. HP: 9/33 MP: 5/5
   995 | D:2      | Found Gozag's Platinum Reserve.
  1629 | D:3      | Reached XP level 6. HP: 17/38 MP: 6/6
  1714 | D:3      | Found a bloodstained altar of Trog.
  1794 | D:3      | Found a glowing drain.
  1798 | Sewer    | Entered a sewer
  2014 | Sewer    | Reached skill level 3 in Dodging
  2029 | Sewer    | Reached XP level 7. HP: 19/44 MP: 7/7
  2529 | D:3      | Found a shadowy altar of Dithmenos.
  2940 | D:4      | Found a staircase to the Ecumenical Temple.
  2944 | Temple   | Entered the Ecumenical Temple
  3233 | D:4      | Found an ancient bone altar of Kikubaaqudgha.
  3259 | D:4      | Found a white marble altar of Elyvilon.
  3540 | D:4      | Reached skill level 5 in Fighting
  3540 | D:4      | Reached skill level 5 in Armour
  3540 | D:4      | Reached skill level 4 in Dodging
  3732 | D:5      | Entered Level 5 of the Dungeon
  3743 | D:5      | Reached skill level 5 in Shields
  3821 | D:5      | Reached XP level 8. HP: 49/49 MP: 8/8
  4227 | D:5      | Found a radiant altar of Vehumet.
  4280 | D:5      | Found a glowing golden altar of the Shining One.
  4288 | D:5      | Became a worshipper of the Shining One
  4337 | D:6      | Found a sand-covered staircase.
  4427 | Ossuary  | Entered an ossuary
  4432 | Ossuary  | Reached * piety under the Shining One
  4617 | Ossuary  | Reached ** piety under the Shining One
  4906 | D:5      | Reached skill level 5 in Dodging
  5064 | D:6      | Reached XP level 9. HP: 55/55 MP: 9/9
  5126 | D:6      | Reached skill level 5 in Maces & Flails
  5730 | D:7      | Reached skill level 6 in Dodging
  6136 | D:7      | Found a glowing silver altar of Zin.
  6384 | D:8      | Reached *** piety under the Shining One
  6402 | D:8      | Found a hide-covered altar of Uskayaw.
  6488 | D:8      | Reached XP level 10. HP: 61/61 MP: 10/10
  6656 | D:8      | Found a staircase to the Lair.
  7121 | D:9      | Reached skill level 7 in Dodging
  7309 | D:9      | Found a basalt altar of Yredelemnul.
  7687 | D:9      | Reached **** piety under the Shining One
  7741 | D:9      | Found an iron altar of Okawaru.
  8054 | D:10     | Entered Level 10 of the Dungeon
  8187 | D:10     | Reached skill level 8 in Dodging
  8206 | D:10     | Reached XP level 11. HP: 68/68 MP: 11/11
  8264 | D:10     | Found a staircase to the Orcish Mines.
  8346 | D:10     | Noticed Harold
  8371 | D:10     | Killed Harold
  8826 | D:10     | Noticed Karim's ghost (novice GnCj)
  8863 | D:10     | Killed Karim's ghost
  9286 | D:11     | Found Omuamery's Island Escapes.
  9304 | D:11     | Noticed Nergalle
  9319 | D:11     | Killed Nergalle
  9444 | D:11     | Found Jarhiub's Antique Armour Shoppe.
  9477 | D:11     | Reached ***** piety under the Shining One
  9681 | D:11     | Found Liuhimug's Antique Weapon Shoppe.
  9684 | D:11     | Found Qewkiebb's Book Shoppe.
  9717 | D:11     | Found Xying's General Store.
  9717 | D:11     | Noticed an unseen horror
  9737 | D:11     | Killed an unseen horror
  9737 | D:11     | Reached skill level 9 in Dodging
  9739 | D:11     | Bought a scroll of teleportation for 42 gold pieces
  9914 | D:11     | Found Detusu's Jewellery Boutique.
 10069 | D:11     | You fall through a shaft!
 10099 | D:12     | Noticed a skeletal warrior
 10104 | D:12     | Noticed a skeletal warrior
 10112 | D:12     | Killed a skeletal warrior
 10119 | D:12     | Killed a skeletal warrior
 10122 | D:12     | Noticed a skeletal warrior
 10138 | D:12     | Killed a skeletal warrior
 10138 | D:12     | Reached XP level 12. HP: 76/76 MP: 12/12
 10151 | D:12     | Noticed a two-headed ogre
 10153 | D:12     | Found a labyrinth entrance.
 10160 | D:12     | Killed a two-headed ogre
 10172 | Lab      | Entered a labyrinth
 10411 | Lab      | Noticed a minotaur
 10423 | Lab      | Killed a minotaur
 10430 | Lab      | Got a shimmering spear
 10770 | D:12     | Noticed Snorg
 10794 | D:12     | Killed Snorg
 10794 | D:12     | Reached skill level 10 in Dodging
 11023 | D:12     | Found Ufuuvoq's Antique Armour Shop.
 11027 | D:12     | Bought an ancient plate armour for 868 gold pieces
 11699 | D:12     | Noticed a two-headed ogre
 11709 | D:12     | Killed a two-headed ogre
 11709 | D:12     | Reached skill level 10 in Armour
 12052 | D:12     | Identified the +3 plate armour of Altruism {rElec Str-2 Dex+3} (You bought it in a shop on level 12 of the Dungeon)
 12138 | Lair:1   | Entered Level 1 of the Lair of Beasts
 12209 | Lair:1   | Reached skill level 10 in Fighting
 12254 | Lair:1   | Reached skill level 10 in Shields
 12694 | Lair:2   | Noticed Fannar
 12733 | Lair:2   | Found a staircase to the Shoals.
 12754 | Lair:2   | Reached XP level 13. HP: 82/82 MP: 13/13
 12874 | Lair:2   | Killed Fannar
 13602 | Lair:3   | Found a frozen archway.
 13679 | IceCv    | Entered an ice cave
 13835 | IceCv    | Reached skill level 11 in Dodging
 14135 | IceCv    | Got steaming ice dragon scales
 14610 | Lair:3   | Found a hole to the Spider Nest.
 14987 | Lair:1   | Identified the +7 ice dragon scales of Hedging {*Slow rF- rC++ rN+ Str+6} (You found it in an ice cave)
 15698 | Lair:4   | Reached skill level 10 in Maces & Flails
 16380 | Lair:5   | Noticed Rupert
 16387 | Lair:5   | Paralysed by Rupert for 5 turns
 16408 | Lair:5   | Killed Rupert
 16622 | Lair:5   | Gained mutation: Your large and strong wings let you fly indefinitely. [Gargoyle growth]
 16622 | Lair:5   | Reached XP level 14. HP: 90/90 MP: 12/14
 17000 | Lair:5   | Identified the Volume of Orientation and the Blaze
 17005 | Lair:5   | Learned a level 2 spell: Blink
 17576 | Lair:6   | Entered Level 6 of the Lair of Beasts
 17609 | Lair:6   | Noticed Josephine
 17630 | Lair:5   | Killed Josephine
 17708 | Lair:5   | Reached skill level 12 in Dodging
 18389 | Lair:6   | Reached ****** piety under the Shining One
 18925 | Lair:6   | Found a viscous altar of Jiyva.
 18926 | Lair:6   | Found a staircase to the Slime Pits.
 19347 | Lair:6   | Reached XP level 15. HP: 64/96 MP: 11/15
 19589 | Orc:1    | Entered Level 1 of the Orcish Mines
 19618 | Orc:1    | Found Istro's Food Emporium.
 19841 | Orc:2    | Entered Level 2 of the Orcish Mines
 19972 | Orc:2    | Found a staircase to the Elven Halls.
 20055 | Orc:1    | Paralysed by an orc sorcerer for 2 turns
 20058 | Orc:1    | Reached skill level 1 in Invocations
 20312 | Orc:2    | Noticed Maurice
 20555 | Orc:1    | Killed Maurice
 21103 | Orc:2    | Reached skill level 13 in Dodging
 21400 | Orc:2    | Found Cewoarinia's Assorted Antiques.
 21429 | Orc:2    | Found Eczuastruiqa's Armour Shop.
 21444 | Orc:2    | Found Toreeplu's Antique Weapon Emporium.
 21466 | Orc:2    | Found Jely's Gadget Boutique.
 21711 | Orc:2    | Bought the +0 mask of the Dragon {MR+ Slay+3 SInv} for 400 gold pieces
 21711 | Orc:2    | Found the +0 mask of the Dragon {MR+ Slay+3 SInv}
 21889 | D:11     | Bought a scroll of blinking for 97 gold pieces
 21889 | D:11     | Bought a scroll of blinking for 97 gold pieces
 21889 | D:11     | Bought a scroll of blinking for 97 gold pieces
 23642 | D:14     | Noticed Louise
 23644 | D:14     | Noticed Sonja
 23646 | D:14     | Noticed Nessos
 23714 | D:14     | Killed Louise
 23843 | D:14     | Killed Sonja
 24084 | D:14     | Found a gate to the Vaults.
 24373 | D:15     | Entered Level 15 of the Dungeon
 24561 | D:15     | Reached XP level 16. HP: 103/103 MP: 19/19
 24683 | D:15     | Reached skill level 5 in Invocations
 24859 | D:15     | Found an opulent altar of Gozag.
 24864 | D:15     | Found a portal to a secret trove of treasure.
 25087 | D:15     | Found a staircase to the Depths.
 25332 | D:15     | Noticed a caustic shrike
 25356 | D:15     | Killed a caustic shrike
 26861 | Lair:4   | Reached skill level 14 in Dodging
 27611 | Shoals:1 | Entered Level 1 of the Shoals
 28292 | Shoals:1 | Noticed a kraken
 28714 | Spider:1 | Entered Level 1 of the Spider Nest
 30081 | Spider:1 | Reached XP level 17. HP: 97/110 MP: 19/22
 31121 | Spider:2 | Noticed Aizul
 31154 | Spider:2 | Killed Aizul
 31833 | Spider:4 | Entered Level 4 of the Spider Nest
 32497 | Spider:4 | Reached skill level 15 in Dodging
 34096 | Spider:4 | Got a gossamer rune of Zot
 34168 | Spider:4 | Reached XP level 18. HP: 78/117 MP: 18/24
 34597 | Elf:1    | Entered Level 1 of the Elven Halls
 35177 | Elf:1    | Reached skill level 1 in Spellcasting
 35277 | Elf:1    | Reached skill level 1 in Translocations
 35369 | Elf:1    | Identified the Handbook of Ignition
 36986 | Elf:2    | Found a runed gate.
 36986 | Elf:2    | Found a runed gate.
 36986 | Elf:2    | Found a runed gate.
 37127 | Elf:2    | Cast into level 2 of the Abyss (dire flail of distortion)
 37179 | Abyss:2  | Found a corrupted altar of Lugonu.
 37217 | Abyss:2  | Noticed a hellephant
 37326 | Abyss:2  | Paralysed by accursed screaming for 2 turns
 37343 | Abyss:2  | Paralysed by accursed screaming for 1 turns
 37493 | Abyss:2  | Found a corrupted altar of Lugonu.
 37514 | Elf:2    | Escaped the Abyss
 37529 | Elf:2    | Noticed a deep elf blademaster
 37542 | Elf:2    | Killed a deep elf blademaster
 38453 | Elf:2    | Reached skill level 15 in Armour
 38573 | Elf:3    | Entered Level 3 of the Elven Halls
 38630 | Elf:3    | Noticed a deep elf master archer
 38632 | Elf:3    | Cast into level 2 of the Abyss (a deep elf sorcerer)
 38721 | Abyss:3  | Gained mutation: Your magical capacity is low. (-10% MP) [a neqoxec]
 38756 | Abyss:3  | Reached XP level 19. HP: 105/123 MP: 18/23
 38761 | Abyss:3  | Reached skill level 15 in Fighting
 38761 | Abyss:3  | Reached skill level 10 in Invocations
 38809 | Abyss:3  | Reached skill level 16 in Dodging
 38907 | Elf:3    | Escaped the Abyss
 39724 | Elf:3    | Noticed an Ice Fiend
 39844 | Elf:2    | Noticed a Brimstone Fiend
 39935 | Elf:3    | Found Dampakeps's One-of-a-Kind Books.
 40538 | Elf:3    | Cast into level 2 of the Abyss (a deep elf sorcerer)
 40554 | Abyss:2  | Found a corrupted altar of Lugonu.
 40760 | Elf:3    | Escaped the Abyss
 41112 | Elf:2    | Got a faintly glowing great sword {protect}
 41126 | Elf:2    | Identified the +7 great sword "Gehaeng" {protect, *Corrode rF+ Str+8 Int-5} (You took it off a deep elf annihilator on level 2 of the Elven Halls)
 41266 | Elf:3    | Noticed a Brimstone Fiend
 42010 | Elf:3    | Killed from afar by a deep elf annihilator

Vault maps used:
D:1:      scummos_arrival_checkerplants
D:2:      nicolae_gozag_zags_fifth_avenue, uniq_terence, uniq_jessica
D:3:      lightli_temple_of_fire, serial_corexii_hall, corexii_hall_statues_i,
          corexii_hall_statues_t, gup_sewer_entry_spiral,
          grunt_dithmenos_smoke_and_mirrors
D:4:      nicolae_overflow_crystal_walls, elyvilon_altar_1, temple_statues,
          first_ration
D:5:      lemuel_coloured_pillars_altar, nicolae_overflow_hidden_temple
D:6:      enter_ossuary_3, serial_curves, eino_curves_04, eino_curves_04
D:7:      zin_statuary, hangedman_decor_diamond_cutter
D:8:      eat_drink_and_be_merry_uskayaw, lair_entry_dummy
D:9:      okawaru_metal_pillars_3, old_standard_altar, serial_glass,
          glass_columns_c, glass_columns_a, glass_columns_c, glass_columns_b,
          glass_columns_b, glass_columns_b, glass_columns_a, glass_columns_a
D:10:     hiddenorc2_lemuel, hangedman_little_slice_of_home, uniq_harold
D:11:     serial_shops, shop, nicolae_shop_overgrown_old_shop, shop, shop, shop,
          glass_columns_c, nicolae_island_escapes, uniq_nergalle
D:12:     lab_entry_generic, serial_shops, nicolae_shop_trees, uniq_snorg
D:13:     serial_ice, serial_ice_a, serial_ice_g, serial_ice_j, serial_ice_c,
          serial_ice_n, serial_ice_f, serial_ice_b, serial_ice_o, st_stairs_4,
          bh_circular_ruins
D:14:     david_vaults_1, infiniplex_staircase_zigzag_4, uniq_louise,
          uniq_nessos, uniq_sonja
D:15:     gammafunk_enter_depths_forms, lemuel_crystal_altar,
          nicolae_trove_entry_free_sample, minivault_1
Temple:   oiseaux_autumnal_temple
Lair:1:   minivault_23, infiniplex_staircase_pool
Lair:2:   elwin_shoals_entry_rocks, uniq_fannar
Lair:3:   nicolae_spider_entry_non_spiders, portal_ice_cave_rime
Lair:4:   minmay_lair_oklob_tunnel
Lair:5:   uniq_rupert
Lair:6:   due_jungle_book, dpeg_slime_entry_enclosed_altar, grunt_megastairs_2,
          uniq_josephine
Spider:2: nicolae_spider_circle_web, uniq_aizul
Spider:4: grunt_spider_rune_parallel, special_room
Orc:1:    serial_shops, shop
Orc:2:    st_orc_open, mines5_lemuel, uniq_maurice
Elf:1:    minmay_elf_arrival_plus, hangedman_elf_represent
Elf:2:    serial_glass, glass_columns_c, glass_columns_a, glass_columns_c,
          glass_columns_a, glass_columns_a
Elf:3:    minmay_elf_hall_spiked, minivault_14, nicolae_rare_books
Abyss:2:  serial_sigils_hangedman_gut, hangedman_abyss_overflow_altar,
          hangedman_abyss_or_decor_clamps
Lab:      nicolae_lab_grate_2, nicolae_lab_blocks
Sewer:    sewer_minmay_treatment
Ossuary:  ossuary_tomb_3
IceCv:    ice_cave_statue_garden_chambered

Skill      XL: |  1  2  3  4  5  6  7  8  9 10 11 12 13 14 15 16 17 18 19 |
---------------+----------------------------------------------------------+-----
Dodging        | 1 2 3 4 5 6 8 9 10 11 12 13 14 15 16 | 16.4
Fighting       | 4 5 6 8 9 10 11 12 13 14 15 | 15.3
Shields        | 4 5 6 7 9 10 11 | 11.6
Maces & Flails | 3 4 5 7 8 9 10 11 12 13 14 | 14.2
Armour         | 4 5 6 8 9 10 11 12 13 14 15 | 15.5
Invocations    | 4 7 8 9 10 | 10.6
Spellcasting   | 3 4 |  4.8
Translocations | 3 4 |  4.8

Action                   |  1- 3 |  4- 6 |  7- 9 | 10-12 | 13-15 | 16-18 | 19-21 || total
-------------------------+-------+-------+-------+-------+-------+-------+-------++-------
Melee: Flail             |   116 |   241 |   499 |   911 |  1991 |  2316 |   474 ||  6548
Invok: Summon Divine War |       |       |       |       |       |     3 |     1 ||     4
 Abil: Fly               |       |       |       |       |     1 |       |       ||     1
Evoke: Wand              |       |       |       |       |     3 |     4 |       ||     7
  Use: Scroll            |       |    10 |     9 |     5 |     8 |     9 |     2 ||    43
       Potion            |       |       |       |     6 |     6 |    16 |     7 ||    35
  Eat: Chunk             |       |     5 |    15 |    27 |    35 |    31 |     6 ||   119
       Ration            |       |       |       |       |     2 |     5 |     2 ||     9
Armor: Scale mail        |    50 |   149 |   323 |   356 |   393 |   261 |       ||  1532
       Plate armour      |       |       |       |       |   287 |   826 |   240 ||  1353
Dodge: Dodged            |    42 |   105 |   331 |   436 |  1074 |  1418 |   245 ||  3651
Block: Shield            |    62 |   147 |   412 |   555 |  1638 |  1891 |   218 ||  4923

Table legend:
 A = Spawn XP
 B = Non-spawn XP
 C = Spawn XP percentage of total XP
 D = Spawn monster count
 E = Non-spawn monster count
 F = Spawn count percentage of total count
 G = Total turns spent on level
                    A         B        C        D         E        F      G
               +---------+---------+-------+---------+---------+-------+---------
         Total |    8809 |  369646 |   2.3 |      24 |    1241 |   1.9 | 42010
               +---------+---------+-------+---------+---------+-------+---------
           D:1 |       0 |      44 |   0.0 |       0 |      25 |   0.0 |   574
           D:2 |       0 |     146 |   0.0 |       0 |      30 |   0.0 |   907
           D:3 |       0 |     271 |   0.0 |       0 |      32 |   0.0 |   611
           D:4 |       0 |     257 |   0.0 |       0 |       7 |   0.0 |   714
           D:5 |       0 |     466 |   0.0 |       0 |      21 |   0.0 |   695
           D:6 |       0 |     729 |   0.0 |       0 |      21 |   0.0 |   580
           D:7 |       0 |    1710 |   0.0 |       0 |      26 |   0.0 |   997
           D:8 |       0 |     988 |   0.0 |       0 |      22 |   0.0 |   662
           D:9 |       0 |    2693 |   0.0 |       0 |      39 |   0.0 |  1090
          D:10 |       0 |    5319 |   0.0 |       0 |      71 |   0.0 |  1320
          D:11 |       0 |    3314 |   0.0 |       0 |      20 |   0.0 |   893
          D:12 |       0 |   10872 |   0.0 |       0 |      41 |   0.0 |  1782
          D:13 |       0 |    6843 |   0.0 |       0 |      44 |   0.0 |   969
          D:14 |       0 |   12925 |   0.0 |       0 |      59 |   0.0 |  1692
          D:15 |       0 |   17953 |   0.0 |       0 |      37 |   0.0 |  1547
        Lair:1 |       0 |    2475 |   0.0 |       0 |      11 |   0.0 |   765
        Lair:2 |       0 |    5271 |   0.0 |       0 |      16 |   0.0 |   975
        Lair:3 |       0 |   10209 |   0.0 |       0 |      32 |   0.0 |  2400
        Lair:4 |       0 |    6679 |   0.0 |       0 |      18 |   0.0 |  1627
        Lair:5 |       0 |   14179 |   0.0 |       0 |      39 |   0.0 |  1424
        Lair:6 |       0 |   28588 |   0.0 |       0 |      79 |   0.0 |  2275
      Shoals:1 |       0 |   12273 |   0.0 |       0 |      27 |   0.0 |  1033
      Spider:1 |       0 |   19430 |   0.0 |       0 |      48 |   0.0 |   970
      Spider:2 |       0 |    9465 |   0.0 |       0 |      18 |   0.0 |   847
      Spider:3 |       0 |   12637 |   0.0 |       0 |      32 |   0.0 |   788
      Spider:4 |       0 |   32033 |   0.0 |       0 |      69 |   0.0 |  2124
         Orc:1 |       0 |    6189 |   0.0 |       0 |      38 |   0.0 |  1301
         Orc:2 |       0 |   16843 |   0.0 |       0 |      66 |   0.0 |  1175
         Elf:1 |       0 |   25713 |   0.0 |       0 |      43 |   0.0 |  1264
         Elf:2 |       0 |   51231 |   0.0 |       0 |      62 |   0.0 |  4200
         Elf:3 |       0 |   38611 |   0.0 |       0 |      39 |   0.0 |   867
       Abyss:2 |    3032 |    5538 |  35.4 |       7 |      26 |  21.2 |   648
       Abyss:3 |    5777 |    2200 |  72.4 |      17 |       5 |  77.3 |   236
           Lab |       0 |    1649 |   0.0 |       0 |       3 |   0.0 |   262
         Sewer |       0 |     427 |   0.0 |       0 |      48 |   0.0 |   680
       Ossuary |       0 |     156 |   0.0 |       0 |      16 |   0.0 |   362
         IceCv |       0 |    3320 |   0.0 |       0 |      11 |   0.0 |   508
               +---------+---------+-------+---------+---------+-------+---------
